 Dungeon Crawl Stone Soup version 0.28.0-53-g5a82cb258f (webtiles) character file.

Game seed: 17687736361571763715

140 Godmorgon the Shield-Bearer (level 5, -3/46 HPs)
             Began as a Minotaur Fighter on Aug 12, 2022.
             Slain by Crazy Yiuf
             ... wielding a +2 quarterstaff of chaos
              (5 damage)
             ... on level 3 of the Dungeon.
             The game lasted 00:06:43 (1816 turns).

Godmorgon the Shield-Bearer (Minotaur Fighter)      Turns: 1816, Time: 00:06:44

Health: -3/46      AC:  7    Str: 23    XL:     5   Next: 2%
Magic:  4/4        EV:  9    Int:  5    God:
Gold:   127        SH:  4    Dex:  9    Spells: 4/4 levels left

rFire   + . .      SeeInvis .   a - +0 flail
rCold   + . .      Faith    .   c - +0 buckler
rNeg    . . .      Spirit   .   b - +0 scale mail
rPois   .          Reflect  .   (helmet restricted)
rElec   .          Harm     .   p - scarf {rC+ rF+}
rCorr   .          Rampage  .   (no gloves)
Will    .....                   (no boots)
Stlth   ..........              (no amulet)
HPRegen 0.15/turn               o - ring of flight
MPRegen 0.09/turn               (no ring)

@: mighty, flying
A: horns 2, retaliatory headbutt
a: no special abilities


You were on level 3 of the Dungeon.
You visited 1 branch of the dungeon, and saw 3 of its levels.

You collected 127 gold pieces.

Inventory:

Hand Weapons
 a - a +0 flail (weapon)
Missiles
 g - 22 stones (quivered)
Armour
 b - a +0 scale mail (worn)
 c - a +0 buckler (worn)
 p - a scarf of resistance (worn)
Jewellery
 o - a ring of flight (left hand)
Wands
 n - a wand of iceblast (5)
 q - a wand of acid (11)
Scrolls
 h - a scroll of vulnerability
 l - a scroll of fog
 m - a scroll of teleportation
Potions
 i - a potion of flight {unknown}
 j - a potion of lignification {unknown}
 k - a potion of brilliance {unknown}


   Skills:
 + Level 4.2 Fighting
 * Level 4.2 Maces & Flails
 + Level 1.2 Throwing
 + Level 4.3 Armour
 + Level 4.4 Shields


You had 4 spell levels left.
You didn't know any spells.
Your spell library was empty.

Dungeon Overview and Level Annotations

Branches:
Dungeon (3/15)

Altars:
Sif Muna

Annotations:
D:3 Crazy Yiuf


Innate Abilities, Weirdness & Mutations

You have a pair of horns on your head.
You reflexively headbutt those who attack you in melee.


Message History

Crazy Yiuf hits you with a +2 quarterstaff of chaos!
* * * LOW HITPOINT WARNING * * *
You feel your power leaking away.
You closely miss Crazy Yiuf. Your headbutt misses Crazy Yiuf.
Crazy Yiuf is moderately wounded.
* * * LOW HITPOINT WARNING * * *
You feel sick. Crazy Yiuf closely misses you.
* * * LOW HITPOINT WARNING * * *
You feel sick.
* * * LOW HITPOINT WARNING * * *
You feel sick.
* * * LOW HITPOINT WARNING * * *
You feel sick.
* * * LOW HITPOINT WARNING * * *
You feel sick.
You are no longer poisoned.
Okay, then.
Crazy Yiuf whimpers, "Scoff!
Aardvark illywillydillykilly Orb Guardian."
Crazy Yiuf yells, "Tosser!"
Crazy Yiuf cries, "Whippet!
Whiteboard alas koolooloo."
Crazy Yiuf cries, "Orb bush cloud!"
Crazy Yiuf says, "Race!"
Crazy Yiuf says, "Rot action turtle!"
You see here a +0 buckler.
You see here a ball python corpse.
Crazy Yiuf laughs, "Ghoul wrapper arga!"
Crazy Yiuf whimpers, "Shower!
Tosser toodlewoodle blue."
Crazy Yiuf twirls on the spot.
Crazy Yiuf yells, "Papa pizzabubble sanguine!"
Crazy Yiuf says, "Race sallow head!"
You see here a +0 buckler.
Crazy Yiuf yells, "Rifle illywillydillykilly tired!"
Crazy Yiuf hits you with a +2 quarterstaff of chaos!
* * * LOW HITPOINT WARNING * * *
Crazy Yiuf draws strength from your wounds!
You see here a ball python corpse.
Crazy Yiuf yells, "You Hive snockshim!"
You feel very mighty all of a sudden.
Crazy Yiuf hits you with a +2 quarterstaff of chaos.
You die...

#.....#...##)>.##.####
##.........#######.##
....................#
#########........##.#
# #..........#.# #
#..........#.#
#..........#[# .#
#..........#.# .#
#........@.#.#
###.####
##.......g##†#
#....... #........#.#
#....... ########...##
##.......
###..####........
##........†....
#.....#.......
###....####.####
#######...>.## #..#


You could see Crazy Yiuf.

Vanquished Creatures
  2 orc wizards (D:3)
  2 adders (D:2)
  2 worms
  3 dart slugs
  5 ball pythons
  2 endoplasms
  A giant cockroach (D:3)
  4 goblins
  11 hobgoblins
  3 jackals (D:3)
  4 kobolds
  3 quokkas
  7 bats
  2 frilled lizards (D:2)
  8 rats
59 creatures vanquished.

Notes
Turn   | Place    | Note
-------+----------+-------------------------------------------
     0 | D:1      | Godmorgon the Minotaur Fighter began the quest for the Orb.
     0 | D:1      | Reached XP level 1. HP: 19/19 MP: 0/0
   173 | D:1      | Reached XP level 2. HP: 27/27 MP: 1/1
   674 | D:1      | Reached XP level 3. HP: 32/33 MP: 2/2
   729 | D:1      | Found a faded altar of an unknown god.
  1308 | D:2      | Reached XP level 4. HP: 40/40 MP: 3/3
  1665 | D:3      | Found a shimmering blue altar of Sif Muna.
  1673 | D:3      | Reached skill level 1 in Throwing
  1673 | D:3      | Reached XP level 5. HP: 46/46 MP: 4/4
  1735 | D:3      | Found a runed translucent door.
  1736 | D:3      | Noticed Crazy Yiuf
  1753 | D:3      | HP: 2/46 [poisoned by Crazy Yiuf]
  1809 | D:3      | HP: 1/46 [Crazy Yiuf/+2 quarterstaff of chaos (9)]
  1816 | D:3      | Slain by Crazy Yiuf

Illustrated notes

Levels and vault maps discovered:
D:1:      grunt_arrival_lava_bath, layout_basic,
          chequers_ecumenical_altar_twisty
D:2:      layout_rooms
D:3:      layout_rooms, led_sif_book, uniq_crazy_yiuf_cottage

Skill      XL: |  1  2  3  4 |
---------------+-------------+-----
Maces & Flails | 3 4 |  4.2
Shields        | 4 |  4.4
Armour         | 4 |  4.3
Fighting       | 4 |  4.2
Throwing       | 1 |  1.2

Action                   |  1- 3 |  4- 6 || total
-------------------------+-------+-------++-------
Melee: Flail             |    98 |    40 ||   138
       Headbutt          |    13 |     7 ||    20
Evoke: Wand              |       |     1 ||     1
  Use: Scroll            |       |     4 ||     4
       Potion            |       |     1 ||     1
Armor: Scale mail        |    38 |     8 ||    46
Dodge: Dodged            |    43 |    18 ||    61
Block: Buckler           |    27 |     4 ||    31
